 Dungeon Crawl Stone Soup version 0.28.0-53-g5a82cb258f (webtiles) character file.

Game seed: 7161971530968033064

464 Exporg the Chopper (level 7, -1/55 HPs)
             Began as a Formicid Fighter on May 27, 2022.
             Slain by an orc
             ... wielding a +0 trident
              (7 damage)
             ... on level 5 of the Dungeon.
             The game lasted 00:04:37 (3230 turns).

Exporg the Chopper (Formicid Fighter)               Turns: 3230, Time: 00:04:38

Health: -1/55      AC:  7    Str: 21    XL:     7   Next: 29%
Magic:  7/7        EV:  9    Int:  7    God:
Gold:   88         SH:  5    Dex: 12    Spells: 6/6 levels left

rFire   . . .      SeeInvis +   a - +0 war axe
rCold   . . .      Faith    .   c - +0 buckler
rNeg    . . .      Spirit   .   b - +0 scale mail
rPois   +          Reflect  .   (helmet unavailable)
rElec   .          Harm     .   (no cloak)
rCorr   .          Rampage  .   (no gloves)
Will    .....                   (no boots)
Stlth   ..........              (no amulet)
HPRegen 0.18/turn               k - ring of poison resistance
MPRegen 0.10/turn               (no ring)

@: no status effects
A: permanent stasis, dig shafts and tunnels, antennae 3, four strong arms
a: Dig, Shaft Self


You were on level 5 of the Dungeon.
You visited 1 branch of the dungeon, and saw 5 of its levels.

You collected 88 gold pieces.

Inventory:

Hand Weapons
 a - a +0 war axe (weapon)
Missiles
 o - 34 bolts
Armour
 b - a +0 scale mail (worn)
 c - a +0 buckler (worn)
Jewellery
 k - a ring of poison resistance (left hand)
 m - a +4 ring of protection
Wands
 r - a wand of iceblast (13)
Scrolls
 e - 2 scrolls of fog {unknown}
 f - 2 scrolls of vulnerability {unknown}
 g - a scroll of blinking {unknown}
 l - a scroll of torment {unknown}
 n - 2 scrolls of identify {unknown}
 p - a scroll of silence {unknown}
Potions
 d - a potion of might
 h - 3 potions of curing
 i - a potion of flight {unknown}
 j - a potion of heal wounds {unknown}
 q - a potion of brilliance {unknown}
 s - a potion of haste {unknown}


   Skills:
 + Level 4.9 Fighting
 + Level 5.1 Axes
 + Level 4.7 Armour
 + Level 0.8 Dodging
 + Level 0.2 Stealth
 + Level 4.4 Shields


You had 6 spell levels left.
You didn't know any spells.
Your spell library contained the following spells:

 Spells                   Type           Power      Damage    Failure   Level
 Magic Dart               Conj           0%         1d3       83%         1
 Summon Small Mammal      Summ           0%         N/A       83%         1
 Searing Ray              Conj           0%         2d4       92%         2
 Fulminant Prism          Conj/Hex       0%         3d6       100%        4


Dungeon Overview and Level Annotations

Branches:
Dungeon (5/15)
 Temple: D:4-7

Altars:
Elyvilon
Yredelemnul

Annotations:
D:4 Edmund


Innate Abilities, Weirdness & Mutations

You cannot be hasted, slowed, berserked, paralysed or teleported.
You can dig through walls and to a lower floor.
You have a pair of large antennae on your head. (SInv)
Your four strong arms can wield two-handed weapons with a shield.


Message History

The orc priest is moderately wounded.
You block the orc priest's attack.
You hit the orc priest but do no damage.
The orc priest is moderately wounded.
The orc priest hits you but does no damage.
You barely miss the orc priest.
The orc priest is moderately wounded.
The orc priest mumbles some strange prayers to Beogh against you.
Pain shoots through your body!
An orc comes into view. It is wielding a +0 falchion.
The orc priest hits you but does no damage.
You are too injured to fight recklessly!
You are too injured to fight recklessly!
You are too injured to fight recklessly!
You barely miss the orc priest.
The orc priest is moderately wounded.
An orc comes into view. It is wielding a +0 trident.
The orc priest mumbles some strange prayers to Beogh against you.
Pain shoots through your body!
* * * LOW HITPOINT WARNING * * *
The orc closely misses you.
You hit the orc priest.
The orc priest is heavily wounded.
You closely miss the orc. The orc hits you with a +0 mace.
* * * LOW HITPOINT WARNING * * *
You miss the orc wizard. You barely miss the orc priest.
You closely miss the orc. You block the orc's attack.
The orc priest hits you with a +0 falchion.
* * * LOW HITPOINT WARNING * * *
The orc hits you with a +0 mace.
* * * LOW HITPOINT WARNING * * *
The orc wizard barely misses you.
You slash the orc priest!
You kill the orc priest!
You barely miss the orc. You barely miss the orc wizard.
The orc closely misses you. The orc hits you with a +0 mace.
* * * LOW HITPOINT WARNING * * *
The orc wizard barely misses you.
The orc hits you from afar with a +0 trident!
You die...

###..................(.#
#..........##...††....##
##.........###.........
##......................
#...............######$.
#..............## .
###.....(....#####
##.........ooo#.#
##............o@†#
##...#..........)..#
#....#............##
..................#
..###.......###..#.# ##
##.....## #.....#
#.$.#..# ##.....#
#####... #.....# .


You could see an orc wizard and 3 orcs.

Vanquished Creatures
  A black bear (D:5)
  A phantom (D:4)
  3 orc priests
  2 hounds (D:5)
  2 orc wizards (D:3)
  Terence (D:3)
  3 adders
  A worm (D:3)
  A dart slug (D:3)
  9 orcs (D:3)
  8 ball pythons
  7 endoplasms
  4 giant cockroaches
  6 hobgoblins
  4 jackals (D:2)
  2 quokkas (D:2)
  6 bats
  3 frilled lizards
  5 goblins
  5 kobolds
  5 rats
79 creatures vanquished.

Notes
Turn   | Place    | Note
-------+----------+-------------------------------------------
     0 | D:1      | Exporg the Formicid Fighter began the quest for the Orb.
     0 | D:1      | Reached XP level 1. HP: 18/18 MP: 1/1
   208 | D:1      | Reached XP level 2. HP: 23/24 MP: 2/2
   829 | D:1      | Reached XP level 3. HP: 28/29 MP: 3/3
  1066 | D:2      | Found a faded altar of an unknown god.
  1091 | D:2      | Got Plato's Handbook of the Escort
  1373 | D:2      | Found a white marble altar of Elyvilon.
  1441 | D:2      | Reached XP level 4. HP: 37/37 MP: 4/4
  1772 | D:3      | Reached skill level 3 in Axes
  1933 | D:3      | Noticed Terence
  1939 | D:3      | Killed Terence
  1940 | D:3      | Reached XP level 5. HP: 37/42 MP: 5/5
  2577 | D:3      | Reached skill level 4 in Axes
  2577 | D:3      | Reached XP level 6. HP: 32/48 MP: 6/6
  2772 | D:3      | Found a basalt altar of Yredelemnul.
  2980 | D:4      | Noticed Edmund
  3013 | D:5      | Entered Level 5 of the Dungeon
  3036 | D:5      | Noticed a black bear
  3075 | D:5      | Killed a black bear
  3076 | D:5      | Reached skill level 5 in Axes
  3076 | D:5      | Reached XP level 7. HP: 10/55 MP: 7/7
  3230 | D:5      | Slain by an orc

Illustrated notes

Levels and vault maps discovered:
D:1:      minmay_arrival_up_and_down, layout_loops_ring, corner_web_ring,
          minivault_24, columned_hall_lemuel, minmay_misc_feat_secret_circle,
          minmay_tetromino_l2
D:2:      layout_rooms, shapermc_ecumenical_altar_rom_forum, basic_altar
D:3:      layout_basic, lemuel_round_altar, uniq_terence
D:4:      layout_basic, uniq_edmund
D:5:      layout_cave_pools, nicolae_fountain_basement, uniq_grinder

Skill      XL: |  1  2  3  4  5  6 |
---------------+-------------------+-----
Shields        | 4 |  4.4
Axes           | 3 4 5 |  5.1
Armour         | 4 |  4.7
Fighting       | 4 |  4.9
Dodging        | |  0.8
Stealth        | |  0.2

Action                   |  1- 3 |  4- 6 |  7- 9 || total
-------------------------+-------+-------+-------++-------
Melee: War axe           |    78 |   112 |    12 ||   202
  Use: Potion            |       |     1 |       ||     1
Armor: Scale mail        |    51 |    65 |     5 ||   121
Dodge: Dodged            |    36 |    62 |     7 ||   105
Block: Buckler           |    15 |    30 |     4 ||    49
